 Dungeon Crawl Stone Soup version 0.19-a0-1568-gdd01aac (webtiles) character file.

18 Amnesiac the Digger (level 2, -3/19 HPs)
             Began as a Mummy Earth Elementalist on Sept 15, 2016.
             Slain by a wight
             ... wielding a cursed +0 war axe
              (5 damage)
             ... on level 3 of the Dungeon.
             The game lasted 00:01:47 (609 turns).

Amnesiac the Digger (Mummy Earth Elementalist)       Turns: 609, Time: 00:01:47

Health: -3/19      AC:  2    Str: 11    XL:     2   Next: 51%
Magic:  0/5        EV: 12    Int: 14    God:
Gold:   10         SH:  0    Dex: 12    Spells: 2 memorised, 2 levels left

rFire  x . .     SeeInvis .     b - 14 stones
rCold  + . .     Gourm    .     c - +0 robe
rNeg   + + +     Faith    .     (no shield)
rPois  ∞         Spirit   .     (no helmet)
rElec  .         Dismiss  .     (no cloak)
rCorr  .         Reflect  .     (no gloves)
MR     .....     Harm     .     (no boots)
Stlth  ++........               (no amulet)
                                (no ring)
                                (no ring)

@: no status effects
A: no food or potions, fire vulnerability, cold resistance 1, negative energy
resistance 3, torment resistance, unbreathing
a: no special abilities


You were on level 3 of the Dungeon.
You were not hungry.

You visited 1 branch of the dungeon, and saw 3 of its levels.

You collected 10 gold pieces.

Inventory:

Missiles
 b - 14 stones (in hand)
Armour
 c - a +0 robe (worn)
Scrolls
 a - a scroll of identify {unknown}
 e - a scroll of remove curse {unknown}
Books
 d - a book of Geomancy

   Spells                             Type                      Level
   a - Sandblast                      Earth                        1
   b - Passwall                       Transmutation/Earth          2
   c - Stone Arrow                    Conjuration/Earth            3
   d - Petrify                        Transmutation/Earth          4
   e - Lee's Rapid Deconstruction     Earth                        5


   Skills:
 - Level 1.5 Dodging
 - Level 1.5 Stealth
 - Level 2.0 Spellcasting
 - Level 0.7 Transmutations
 + Level 3.2 Earth Magic


You had 2 spell levels left.
You knew the following spells:

 Your Spells              Type           Power        Failure   Level  Hunger
v - Passwall              Tmut/Erth      #.........   21%         2    N/A
z - Sandblast             Erth           ##....       10%         1    N/A

Dungeon Overview and Level Annotations

Branches:
Dungeon (3/15)

Altars:


Innate Abilities, Weirdness & Mutations

You do not eat or drink.
Your flesh is vulnerable to fire.
You are immune to poison.
Your flesh is cold resistant. (rC+)
You are immune to negative energy. (rN+++)
You are immune to unholy pain and torment.
You can survive without breathing.


Message History

Aim: a wight, wielding a war axe and wearing a robe (lightly damaged)
The rocky blast hits the wight.
The wight is lightly damaged.
Casting: Sandblast
Confirm with . or Enter, or press ? or * to list all spells.
Aiming: Sandblast
Press: ? - help, Shift-Dir - straight line, f/p - wight
Aim: a wight, wielding a war axe and wearing a robe (lightly damaged)
The rocky blast misses the wight.
The rocky blast hits the wight.
The wight is lightly damaged.
The wight barely misses you.
Casting: Sandblast
Confirm with . or Enter, or press ? or * to list all spells.
Aiming: Sandblast
Press: ? - help, Shift-Dir - straight line, f/p - wight
Aim: a wight, wielding a war axe and wearing a robe (lightly damaged)
The rocky blast hits the wight.
The wight is lightly damaged.
The wight hits you with a war axe.
You die...

#.# #.### #.#
# #.# #.#
#.#.# .. #.#
##!#.###....
#z#
#...........
####.#
####.###....
#....# #.# ..
##.########.#
#....zz@....#
###########.#
#.# ###


You could see 2 wights.

Vanquished Creatures
  An adder (D:3)
  A leopard gecko (D:1)
  A giant cockroach (D:1)
  4 bats
  A frilled lizard (D:1)
  A kobold (D:1)
  2 rats
11 creatures vanquished.

Notes
Turn   | Place    | Note
-------+----------+-------------------------------------------
     0 | D:1      | Amnesiac the Mummy Earth Elementalist began the quest for the Orb.
     0 | D:1      | Reached XP level 1. HP: 13/13 MP: 3/3
   300 | D:1      | Reached XP level 2. HP: 19/19 MP: 3/5
   309 | D:1      | Learned a level 2 spell: Passwall
   429 | D:3      | Reached skill level 3 in Earth Magic
   584 | D:3      | Noticed a wight
   584 | D:3      | Noticed a wight
   584 | D:3      | Noticed a wight
   609 | D:3      | Slain by a wight

Vault maps used:
D:1:      lightli_molten_gateway, minmay_split_cup_small
D:2:      lemuel_doored_altar
D:3:      nicolae_overflow_hidden_temple, elyvilon_altar_5,
          kennysheep_generic_room_10, uniq_jessica, uniq_natasha

Skill      XL: |  1  2 |
---------------+-------+-----
Earth Magic    | 3 |  3.2
Dodging        | |  1.5
Stealth        | |  1.5
Spellcasting   | |  2.0
Transmutations | |  0.7

Action                   || total
-------------------------++-------
Melee: Unarmed           ||     8
 Cast: Sandblast         ||    30
Armor: Robe              ||    12
Dodge: Dodged            ||    18
